cohdb
Replays
Latest Replays
All Replays
Popular Replays
Top Player Replays
Match Explorer
How It Works
Community
CoH3 Stats
Reddit
Sign in to upload your games and track your stats! →
Sign in with Steam
Match 29291752
Unlisted
Match 29291752
Overview
Messages
Build Orders
End
Construct Barracks
Riflemen Squad
Riflemen Squad
Selects Armored Battlegroup
Selects Veteran Crews
1⁄4-ton 4x4 Truck
Selects Strength in Steel
Engineer Squad
Mechanized Support Center
Riflemen Squad
Construct Motor Pool
Sestrum
^3
0
0
Comments
sign in to comment!
No comments posted yet!